cohdb
Replays
Latest Replays
All Replays
Popular Replays
Top Player Replays
Match Explorer
How It Works
Community
CoH3 Stats
Reddit
Sign in to upload your games and track your stats! →
Sign in with Steam
Match 37346515
Unlisted
Match 37346515
Overview
Messages
Build Orders
End
Pioneer Squad
Construct Infanterie Kompanie
MG 42 Machine Gun Team
Grenadier Squad
Grenadier Squad
Infanterie Officer Quarters
Grenadier Squad
Construct Panzergrenadier Kompanie
Selects Mechanized Battlegroup
Selects Raid Package
AI Takeover
chenjiazi2001
Felipe
Matrique Sébastien
coldplay
HAO亮哥
@$$ M0nk3y
CPU - VERY EASY
xjxyGL
0
0
Comments
sign in to comment!
No comments posted yet!